 Dungeon Crawl Stone Soup version 0.30-a0-847-g17996783a1 (webtiles) character file.

Game seed: 16129228787692369704

199 Norrock the Grave Robber (level 5, 0/35 HPs)
             Began as a Mummy Necromancer on Mar 4, 2023.
             Slain by a gnoll
             ... wielding a +0 flail
              (7 damage)
             ... on level 3 of the Dungeon.
             The game lasted 00:14:45 (2582 turns).

Norrock the Grave Robber (Mummy Necromancer)        Turns: 2582, Time: 00:14:45

Health: 0/35       AC:  4    Str: 12    XL:     5   Next: 48%
Magic:  8/12       EV:  6    Int: 16    God:
Gold:   161        SH:  0    Dex: 12    Spells: 13/14 levels left

rFire   . . .      SeeInvis .    c - +0 rapier
rCold   + + .      Faith    +    (no shield)
rNeg    + + +      Spirit   .    a - +0 robe
rPois   ∞          Reflect  .    h - +2 hat
rElec   .          Rampage  .    b - scarf {rC+ rF+}
rCorr   .                        (no gloves)
Will    .....                    (no boots)
Stlth   ++                       (no amulet)
HPRegen 0.25/turn                (no ring)
MPRegen 0.13/turn                (no ring)

@: held
A: cold resistance 1, negative energy resistance 3, torment resistance 2, heat
vulnerability 1, in touch with death 1, no potions, faith
a: no special abilities


You were on level 3 of the Dungeon.
You visited 1 branch of the dungeon, and saw 4 of its levels.

You collected 161 gold pieces.

Inventory:

Hand Weapons
 c - a +0 rapier (weapon)
Armour
 a - a +0 robe (worn)
 b - a scarf of resistance (worn)
 h - a +2 hat (worn)
Scrolls
 d - a scroll of enchant armour
 e - a scroll of magic mapping
 f - a scroll of brand weapon
 g - a scroll of silence {unknown}


   Skills:
 - Level 1.5 Dodging
 - Level 1.5 Stealth
 + Level 5.3 Spellcasting
 + Level 5.5 Necromancy


You had 13 spell levels left.
You knew the following spells:

 Your Spells              Type           Power      Damage    Failure   Level
a - Necrotise             Necr           100%       1d9       1%          1

Your spell library contained the following spells:

 Spells                   Type           Power      Damage    Failure   Level
 Vampiric Draining        Necr           33%        2d8       4%          3
 Animate Dead             Necr           33%        N/A       14%         4
 Agony                    Necr           33%        N/A       38%         5


Dungeon Overview and Level Annotations

Branches:
Dungeon (4/15)
 Temple: D:4-7

Altars:
Gozag


Innate Abilities, Weirdness & Mutations

You are immune to poison.
Your flesh is cold resistant. (rC+)
You are immune to negative energy. (rN+++)
You are immune to unholy pain and torment.
You are vulnerable to heat. (rF-)
You are in touch with the powers of death.
You do not drink.
You have a special connection with the divine. (Faith)


Message History

The gnoll misses you.
Casting: Necrotise (safe; 1% risk of failure)
Confirm with . or Enter, or press ? or * to list all spells.
Aiming: Necrotise (safe; 1% risk of failure)
Press: ? - help, Shift-Dir - straight line, f - gnoll
Aim: a gnoll, wielding a +0 halberd (ally target, chance to affect: 88%)
You feel a surge of power!
The gnoll writhes in agony.
The gnoll hits you from afar with a +0 halberd!
Your frilled lizard skeleton bites the gnoll but does no damage.
Casting: Necrotise (safe; 1% risk of failure)
Confirm with . or Enter, or press ? or * to list all spells.
Aiming: Necrotise (safe; 1% risk of failure)
Press: ? - help, Shift-Dir - straight line, f/p - gnoll
Aim: a gnoll, wielding a +0 halberd (heavily wounded, ally target, chance to affect: 88%)
You feel a surge of power!
The gnoll writhes in agony!
You kill the gnoll!
The dead are walking!
Your frilled lizard skeleton barely misses the gnoll.
Casting: Necrotise (safe; 1% risk of failure)
Confirm with . or Enter, or press ? or * to list all spells.
Aiming: Necrotise (safe; 1% risk of failure)
Press: ? - help, Shift-Dir - straight line, f - gnoll
Aim: a gnoll, wielding a +0 flail and quivering a throwing net (ally target, chance to affect: 88%)
You feel a surge of power!
The gnoll writhes in agony.
The gnoll throws a throwing net.
The throwing net hits you.
You become entangled in the net!
Your frilled lizard skeleton bites the gnoll.
You struggle against the net.
Your gnoll skeleton hits the gnoll.
You struggle against the net.
The gnoll hits you with a +0 flail!
* * * LOW HITPOINT WARNING * * *
The gnoll hits your frilled lizard skeleton with a +0 spear!
Your gnoll skeleton closely misses the gnoll.
You can't drink.
Okay, then.
You struggle against the net.
Your frilled lizard skeleton bites the gnoll but does no damage.
The gnoll hits your frilled lizard skeleton with a +0 spear.
Your frilled lizard skeleton is destroyed!
The gnoll hits you with a +0 flail!
You die...

...
...........
#... #.#
............
#... #.#
..[.#########
#... #.# ....
#... #... #
### ## #...
#.#Z. ..#
#...
#.#.#Z###.#
#...
#..g)g@.#.# #
#...
###.#.#.#.#.#
####
#.#.#.#.####
#.#.#.......
.. #.....# ##
#.#####.#
#.......#
#######.#
#.#.#


You could see 2 gnolls and 2 friendly gnoll skeletons.

Vanquished Creatures
  2 hounds
  Terence (D:2)
  2 adders
  4 gnolls (D:3)
  A worm (D:3)
  A dart slug (D:1)
  4 endoplasms
  A giant cockroach (D:1)
  4 hobgoblins
  4 jackals (D:4)
  6 ball pythons
  4 bats
  4 frilled lizards
  2 goblins
  6 kobolds
  4 rats
50 creatures vanquished.

Vanquished Creatures (collateral kills)
  A gnoll (D:3)
1 creature vanquished.

Grand Total: 51 creatures vanquished

Notes
Turn   | Place    | Note
-------+----------+-------------------------------------------
     0 | D:1      | Norrock the Mummy Necromancer began the quest for the Orb.
     0 | D:1      | Reached XP level 1. HP: 13/13 MP: 4/4
   351 | D:1      | Reached XP level 2. HP: 19/19 MP: 4/6
  1141 | D:2      | Gained mutation: You are in touch with the powers of death.
                  | [Mummy growth]
  1141 | D:2      | Reached XP level 3. HP: 16/24 MP: 3/8
  1326 | D:2      | You fall into a shaft and drop 2 floors!
  1328 | D:4      | Noticed a water moccasin
  1364 | D:4      | Reached skill level 5 in Necromancy
  1364 | D:4      | Reached XP level 4. HP: 20/30 MP: 2/10
  1445 | D:2      | Noticed Terence
  1456 | D:2      | Killed Terence
  2206 | D:3      | Found an opulent altar of Gozag.
  2223 | D:3      | Reached skill level 5 in Spellcasting
  2223 | D:3      | Reached XP level 5. HP: 33/35 MP: 5/12
  2582 | D:3      | Slain by a gnoll

Illustrated notes

Levels and vault maps discovered:
D:1:      dpeg_arrival_erosion, layout_loops_corners
D:2:      layout_loops_corners, uniq_terence
D:3:      layout_basic, mainiacjoe_overflow_small_starburst
D:4:      layout_rooms, grunt_temple_overflow_lords_of_destruction, zin_academy

Skill      XL: |  1  2  3  4 |
---------------+-------------+-----
Spellcasting   | 3 4 5 |  5.3
Necromancy     | 5 |  5.5
Dodging        | |  1.5
Stealth        | |  1.5

Action                     |  1- 3 |  4- 6 || total
---------------------------+-------+-------++-------
  Melee: Rapier            |    51 |    19 ||    70
         Punch             |       |     2 ||     2
   Cast: Necrotise         |    43 |    35 ||    78
    Use: Scroll            |     1 |     2 ||     3
   Stab: Sleeping          |     1 |     2 ||     3
 Armour: Robe              |    11 |     4 ||    15
  Dodge: Dodged            |    37 |    14 ||    51

Table legend: (Time is in decaauts)
 A = Elapsed time spent in this place.
 B = Non-inter-level travel time spent in this place.
 C = Inter-level travel time spent in this place.
 D = Time resting spent in this place.
 E = Time spent auto-exploring this place.
 F = Levels seen in this place.
 G = Mean time per level.
                   A        B        C        D        E       F      G
               +--------+--------+--------+--------+--------+-----+--------+
         Total |   2594 |   2488 |    106 |    266 |   1281 |   4 |  648.5 |
       Dungeon |   2594 |   2488 |    106 |    266 |   1281 |   4 |  648.5 |
               +--------+--------+--------+--------+--------+-----+--------+

Top non-repeatable levels by time:
     D:1: 1069 daAuts
     D:2: 994 daAuts
     D:3: 442 daAuts
     D:4: 88 daAuts
